 Dungeon Crawl Stone Soup version 0.31-a0-154-g56bf346678 (webtiles) character file.

Game seed: 4949317470929635118

435 Moral the Ruffian (level 6, -22/91 HPs)
             Began as a Troll Berserker on June 12, 2023.
             Was a Believer of Trog.
             Killed from afar by Maggie (32 damage)
             ... with a bolt of fire
             ... on level 6 of the Dungeon.
             The game lasted 00:12:04 (3123 turns).

Moral the Ruffian (Troll Berserker)                 Turns: 3123, Time: 00:12:05

Health: -22/91     AC:  9    Str: 28    XL:     6   Next: 68%
Magic:  5/5        EV:  7    Int:  3    God:    Trog [**....]
Gold:   405        SH: 10    Dex:  9    Spells: 5/5 levels left

rFire   . .          .
                       - Unarmed
rCold   . . .        f - +0 tower shield
rNeg    . . .        g - +0 robe
rPois   .            d - +2 hat
rElec   .            j - +2 cloak
rCorr   .            (gloves unavailable)
SInv    .            (boots unavailable)
Will    .....        (no amulet) Stlth
                     (no ring)
HPRegen 1.15/turn    (no ring)
MPRegen 0.09/turn

%: no passive effects
@: berserking, very quick
A: large, unfitting armour, claws 3, regeneration 1, shaggy fur 1, tough skin 1
a: Renounce Religion, Berserk, Trog's Hand


You were on level 6 of the Dungeon.
You worshipped Trog.
Trog was pleased with you.
You visited 1 branch of the dungeon, and saw 6 of its levels.

You collected 405 gold pieces.

Inventory:

Armour
 d - a +2 hat (worn)
 f - a +0 tower shield (worn)
 g - a +0 robe (worn)
 j - a +2 cloak (worn)
Wands
 o - a wand of light (4)
Scrolls
 a - a scroll of amnesia
 b - a scroll of magic mapping
 c - 8 scrolls of identify
Potions
 e - 4 potions of curing
 h - a potion of brilliance {unknown}
 i - a potion of mutation {unknown}
 k - a potion of heal wounds {unknown}
 l - a potion of lignification {unknown}
 m - a potion of enlightenment {unknown}
 n - 2 potions of might {unknown}


   Skills:
 * Level 3.3 Fighting
 * Level 3.5 Dodging
 * Level 1.7 Shields
 * Level 5.9 Unarmed Combat


You had 5 spell levels left.
You didn't know any spells.
Your spell library contained the following spells:

 Spells                   Type           Power      Damage    Failure   Level
 Stone Arrow              Conj/Erth      0%         3d7       100%        3
 Animate Armour           Summ/Erth      0%         N/A       100%        4
 Lehudib's Crystal Spear  Conj/Erth      0%         10d2      100%        8


Dungeon Overview and Level Annotations

Branches:
Dungeon (5/15)
 Temple: D:4-7

Altars:
Kikubaaqudgha
Okawaru

Shops:
D:3 (

Annotations:
D:6 Maggie


Innate Abilities, Weirdness & Mutations

You are too large for most types of armour.
You have claws for hands.
Your natural rate of healing is unusually fast.
You are covered in fur. (AC +1)
You have tough skin. (AC +1)


Message History

Maggie zaps a wand.
The puff of flame hits you! Maggie barely misses you.
You barely miss Maggie. You block Maggie's attack.
You scratch Maggie but do no damage.
Maggie zaps a wand.
The puff of flame hits you.
Maggie points at you and mumbles some strange words.
The bolt of fire hits you!
You barely miss Maggie. Maggie casts a spell at you. The bolt of fire hits you!
A red film seems to cover your vision as you go berserk!
You feel yourself moving faster!
You feel mighty! Maggie casts a spell at you. The bolt of fire hits you!!
* * * LOW HITPOINT WARNING * * *
You are too berserk!
You claw Maggie!
Maggie is lightly wounded.
Maggie zaps a wand.
The puff of flame hits you.
* * * LOW HITPOINT WARNING * * *
You mangle Maggie!!
Maggie is heavily wounded.
You claw Maggie!
Maggie is severely wounded.
Maggie completely misses you.
You barely miss Maggie.
Maggie is severely wounded.
Maggie gestures at you while chanting. The bolt of fire hits you!
* * * LOW HITPOINT WARNING * * *
You barely miss Maggie.
Maggie is severely wounded.
You block Maggie's attack.
You closely miss Maggie.
Maggie is severely wounded.
You scratch Maggie.
Maggie is almost dead.
Maggie points at you and mumbles some strange words.
The bolt of fire hits you!!
You die...

..# ... ##. . #.. . ##.
##.##. ###.. #..#..
..<.. #.....
#..###############...._
#.....@@...............
#.#...#.###.######..#..
.####.......# ##†##.
............#
######.....
#####.......#
#.....##... #.#...#.# #
#.####.#.## #.##.##.#
#.#.# ##.## #
#.##.###.#.#####.#
#.##.##.........)...#


You could see Maggie.

Vanquished Creatures
  A black bear (D:6)
  A scorpion (D:6)
  4 orc priests (D:4)
  Robin (D:4)
  4 adders
  A white imp (D:5)
  5 worms
  2 dart slugs (D:1)
  12 orcs
  6 endoplasms
  3 giant cockroaches
  12 goblins (D:4)
  6 hobgoblins
  3 jackals (D:1)
  6 kobolds
  4 quokkas
  4 ball pythons
  5 bats (D:1)
  3 frilled lizards (D:2)
  2 rats
85 creatures vanquished.

Notes
Turn   | Place    | Note
-------+----------+-------------------------------------------
     0 | D:1      | Moral the Troll Berserker began the quest for the Orb.
     0 | D:1      | Reached XP level 1. HP: 22/22 MP: 0/0
    79 | D:1      | Reached XP level 2. HP: 29/29 MP: 1/1
   648 | D:2      | Reached XP level 3. HP: 36/36 MP: 2/2
   700 | D:2      | Found an ancient bone altar of Kikubaaqudgha.
  1251 | D:2      | Reached skill level 4 in Unarmed Combat
  1540 | D:3      | Reached ** piety under Trog
  1617 | D:3      | Reached XP level 4. HP: 44/44 MP: 3/3
  1638 | D:3      | Found Dufolob's Antique Weapon Shop.
  2270 | D:4      | Reached XP level 5. HP: 33/53 MP: 4/4
  2299 | D:4      | Reached skill level 5 in Unarmed Combat
  2470 | D:4      | Noticed Robin
  2477 | D:4      | Reached skill level 1 in Shields
  2497 | D:4      | Killed Robin
  2653 | D:4      | Reached XP level 6. HP: 61/61 MP: 5/5
  2818 | D:4      | Found an ancient bone altar of Kikubaaqudgha.
  2921 | D:5      | Entered Level 5 of the Dungeon
  2953 | D:5      | Reached *** piety under Trog
  2958 | D:5      | You fall into a shaft and drop 1 floor!
  2958 | D:6      | Found an iron altar of Okawaru.
  3108 | D:6      | Noticed Maggie
  3123 | D:6      | Killed from afar by Maggie

Illustrated notes

Levels and vault maps discovered:
D:1:      tarquinn_simple_flora_water_b, layout_basic, minmay_tromino_v7
D:2:      layout_loops_ring, basic_altar, wander_ebering_terrifying_dragon_lair
D:3:      layout_basic, serial_shops, nicolae_shop_dealshenge, minmay_cut_off
D:4:      layout_loops_ring, kennysheep_mini, uniq_robin
D:5:      layout_gridville, minmay_temple_entry_enclosed_plants
D:6:      layout_loops_ring, okawaru_gym_becter, dk_noncrumbling_3,
          uniq_eustachio, uniq_maggie, uniq_crazy_yiuf_cottage

Skill      XL: |  1  2  3  4  5 |
---------------+----------------+-----
Unarmed Combat | 4 5 |  5.9
Fighting       | 3 |  3.3
Dodging        | 3 |  3.5
Shields        | 1 |  1.7

Action                     |  1- 3 |  4- 6 || total
---------------------------+-------+-------++-------
  Melee: Unarmed           |   120 |   114 ||   234
         Punch             |     2 |       ||     2
 Invoke: Berserk           |       |     2 ||     2
    Use: Scroll            |     6 |     3 ||     9
 Armour: Animal skin       |    11 |       ||    11
         Robe              |    69 |    34 ||   103
  Dodge: Dodged            |    73 |    22 ||    95
  Block: Tower shield      |       |    42 ||    42

Table legend: (Time is in decaauts)
 A = Elapsed time spent in this place.
 B = Non-inter-level travel time spent in this place.
 C = Inter-level travel time spent in this place.
 D = Time resting spent in this place.
 E = Time spent auto-exploring this place.
 F = Levels seen in this place.
 G = Mean time per level.
                   A        B        C        D        E       F      G
               +--------+--------+--------+--------+--------+-----+--------+
         Total |   3135 |   3021 |    114 |     32 |   2244 |   6 |  522.5 |
       Dungeon |   3135 |   3021 |    114 |     32 |   2244 |   6 |  522.5 |
               +--------+--------+--------+--------+--------+-----+--------+

Top non-repeatable levels by time:
     D:4: 811 daAuts
     D:3: 810 daAuts
     D:2: 694 daAuts
     D:1: 615 daAuts
     D:6: 165 daAuts
     D:5: 37 daAuts
